[Event "Titled Tuesday Blitz May 23 Early 2023"]
[White "Vovk, Orest"]
[Black "Pacan-Milej, Kosma"]
[WhiteFideId "14113490"]
[BlackFideId "21800537"]
[WhiteElo "2215"]
[BlackElo "2302"]
[Result "0-1"]
[Round "02"]
[TimeControl "180+2"]
[Date "2023.05.23"]
[WhiteClock "0:00:00"]
[BlackClock "0:00:32"]

1. h4 e5 2. h5 d5 3. h6 Nxh6 4. d4 Ng4 5. f3 Nf6 6. dxe5 Nfd7 7. Qxd5 Nc6 8. e6 fxe6 9. Qxe6+ Be7 10. Bf4 Nde5 11. Qb3 Nd4 12. Rxh7 Rf8 13. Bxe5 Nxb3 14. cxb3 Bf6 15. Bxf6 Qxf6 16. Nc3 Bf5 17. Rh1 O-O-O 18. e4 Rfe8 19. Nge2 Be6 20. Rh5 g5 21. Nc1 Bf7 22. Rh7 Bg6 23. Rh6 Qg7 24. Rh1 g4 25. Nd3 gxf3 26. gxf3 Qd4 27. O-O-O Qe3+ 28. Kc2 Qxf3 29. Be2 Qe3 30. Rhg1 Bxe4 31. Bf1 Bxd3+ 32. Bxd3 Rxd3 0-1


[Site "https://www.chess.com"]

[Event "Titled Tuesday Blitz May 23 Early 2023"]
[White "Mendez Fortes, Eduardo Jesus"]
[Black "Kohler, Aran"]
[WhiteFideId "3502376"]
[BlackFideId "1002856"]
[WhiteElo "2307"]
[BlackElo "2408"]
[Result "1-0"]
[Round "02"]
[TimeControl "180+2"]
[Date "2023.05.23"]
[WhiteClock "0:02:48"]
[BlackClock "0:00:04"]

1. e4 c6 2. d4 d5 3. Nc3 dxe4 4. Nxe4 Bf5 5. Ng3 Bg6 6. Nh3 e6 7. Nf4 Bd6 8. h4 Qc7 9. Nxg6 hxg6 10. Ne4 Bf4 11. Bxf4 Qxf4 12. Ng5 Nf6 13. g3 Qd6 14. c3 Nbd7 15. Bg2 O-O 16. Qc2 c5 17. O-O-O cxd4 18. Rxd4 Qa6 19. Kb1 Rac8 20. Rhd1 Nc5 21. f4 Ng4 22. Rd6 Ne3 23. Rxa6 Nxc2 24. Rxa7 Ne3 25. Rd2 Nxg2 26. Rxg2 Rfd8 27. Kc2 Rd7 28. Nf3 f6 29. Nd4 Kf7 30. Re2 Na6 31. Rxe6 Rxd4 32. Rexa6 Rd7 33. Rb6 Rcd8 34. Rbxb7 Ke6 35. Rxd7 Rxd7 36. Rxd7 Kxd7 37. Kd3 Ke6 38. Ke4 f5+ 39. Kd4 1-0


[Site "https://www.chess.com"]

[Event "Titled Tuesday Blitz May 23 Early 2023"]
[White "Matveeva, Olga"]
[Black "Dehtiarov, Roman"]
[WhiteFideId "24107018"]
[BlackFideId "14186640"]
[WhiteElo "2009"]
[BlackElo "2189"]
[Result "1-0"]
[Round "02"]
[TimeControl "180+2"]
[Date "2023.05.23"]
[WhiteClock "0:00:38"]
[BlackClock "0:00:00"]

1. d4 Nf6 2. c4 g6 3. g3 Bg7 4. Bg2 d5 5. cxd5 Nxd5 6. Nc3 Nxc3 7. bxc3 O-O 8. Nf3 c5 9. O-O Nc6 10. e3 e5 11. Ba3 Bg4 12. h3 Bxf3 13. Qxf3 exd4 14. cxd4 cxd4 15. Bxf8 Qxf8 16. Rab1 dxe3 17. Rxb7 exf2+ 18. Kh2 Ne5 19. Qxf2 Rd8 20. Rxa7 h5 21. a4 h4 22. gxh4 Qd6 23. Kh1 Rd7 24. Rxd7 Qxd7 25. a5 Nd3 26. Qa2 Bd4 27. a6 Qa7 28. Bd5 Nf2+ 29. Kg2 Qc5 30. Bxf7+ Kg7 31. Bd5 Nd3 32. Rf7+ Kh8 33. a7 1-0


[Site "https://www.chess.com"]

[Event "Titled Tuesday Blitz May 23 Early 2023"]
[White "Vlassov, Nikolai"]
[Black "Kotepalli, Sai Nirupama"]
[WhiteFideId "4103360"]
[BlackFideId "5039444"]
[WhiteElo "2324"]
[BlackElo "2384"]
[Result "1-0"]
[Round "02"]
[TimeControl "180+2"]
[Date "2023.05.23"]
[WhiteClock "0:00:12"]
[BlackClock "0:00:00"]

1. e4 c5 2. c3 Nf6 3. e5 Nd5 4. d4 cxd4 5. cxd4 d6 6. Bc4 Nb6 7. Bb3 Nc6 8. e6 fxe6 9. Nf3 g6 10. h4 Bg7 11. h5 e5 12. dxe5 Nxe5 13. Nxe5 Bxe5 14. O-O Bf5 15. Nc3 Qd7 16. Be3 Be6 17. Bxb6 Bxb3 18. Qxb3 axb6 19. Nd5 Ra6 20. Rac1 Ra5 21. Rc7 Qb5 22. Rc8+ Kf7 23. Qf3+ Bf6 24. Rxh8 Qxd5 25. Rxh7+ Kg8 26. Qxd5+ Rxd5 27. hxg6 Rg5 28. Rh4 Rxg6 29. Rb4 Rg5 30. Rxb6 Ra5 31. a3 Ra7 32. Rc1 Bd4 33. Rc8+ Kf7 34. Rb5 b6 35. Rc4 Bf6 36. Rxb6 Ra5 37. Rb7 Rd5 38. g3 Rd1+ 39. Kg2 Rd2 40. b4 Ra2 41. Ra7 Bg5 42. Re4 d5 43. Re5 Kf6 44. Rexe7 Rxa3 45. Rf7+ Kg6 46. Rxa3 Kxf7 47. b5 Bd8 48. Ra6 Ke7 49. b6 Kd7 50. b7 Bc7 51. Ra8 1-0


[Site "https://www.chess.com"]

[Event "Titled Tuesday Blitz May 23 Early 2023"]
[White "Pg, Mohd Omar Ak Hira"]
[Black "Simonian, Hrair"]
[WhiteFideId "10500103"]
[BlackFideId "13302337"]
[WhiteElo "2167"]
[BlackElo "2447"]
[Result "0-1"]
[Round "02"]
[TimeControl "180+2"]
[Date "2023.05.23"]
[WhiteClock "0:01:42"]
[BlackClock "0:01:47"]

1. e4 c5 2. Nf3 e6 3. d4 cxd4 4. Nxd4 a6 5. Nc3 b5 6. Be2 Bb7 7. Bf3 Nc6 8. O-O Ne5 9. Re1 Nf6 10. a3 Be7 11. Bf4 d6 12. Bxe5 dxe5 13. Nb3 Qc7 14. Qd2 Rd8 15. Qg5 O-O 16. Qe3 Rd7 17. h3 Rfd8 18. Rad1 h6 19. Rxd7 Nxd7 20. Rd1 Nb6 21. Rxd8+ Qxd8 22. Be2 Nc4 23. Bxc4 bxc4 24. Na5 Qxa5 0-1


[Site "https://www.chess.com"]

[Event "Titled Tuesday Blitz May 23 Early 2023"]
[White "Koellner, Ruben Gideon"]
[Black "Rangel, Daniel"]
[WhiteFideId "12993093"]
[BlackFideId "2124475"]
[WhiteElo "2314"]
[BlackElo "2256"]
[Result "0-1"]
[Round "02"]
[TimeControl "180+2"]
[Date "2023.05.23"]
[WhiteClock "0:00:09"]
[BlackClock "0:00:09"]

1. d4 Nf6 2. Nf3 g6 3. Nbd2 Bg7 4. e4 d5 5. e5 Ne4 6. Nxe4 dxe4 7. Ng5 c5 8. c3 cxd4 9. Qxd4 Bd7 10. Qxe4 Bc6 11. Qd4 Nd7 12. f4 O-O 13. Be3 Qa5 14. Qb4 Qc7 15. e6 f6 16. Nxh7 Kxh7 17. exd7 Qxd7 18. Kf2 e5 19. Be2 Bh6 20. Rad1 Qf5 21. Rhf1 exf4 22. Bd4 Rf7 23. Kg1 Re8 24. Bf3 Bxf3 25. Rxf3 Re2 26. Rf2 Rxf2 27. Bxf2 f3 28. gxf3 Qxf3 29. Re1 Bf4 30. Qe4 Qg4+ 31. Qg2 Qf5 32. Rf1 g5 33. Bd4 Kg6 34. Bf2 Rd7 35. Bg3 Rd2 36. Qf3 Qc5+ 37. Kh1 Bxg3 38. hxg3 Qc6 39. Qxc6 bxc6 40. Rb1 Rc2 41. a4 Kf5 42. Rf1+ Kg4 43. Rxf6 Rxb2 44. Kg1 Kxg3 45. Kf1 g4 46. Rxc6 Ra2 47. Rc4 Kf3 48. Ke1 g3 49. Rc8 Ra1+ 50. Kd2 g2 51. Rf8+ Ke4 52. Re8+ Kd5 53. Rd8+ Kc6 54. Rc8+ Kb7 55. Rg8 g1=Q 56. Rxg1 Rxg1 57. Kc2 Rg4 58. Kb3 Kc6 59. a5 Kb5 60. Kc2 Kxa5 61. Kd3 Kb5 62. Ke3 Kc4 63. Kf3 Rg7 64. Kf2 Rd7 0-1


[Site "https://www.chess.com"]

[Event "Titled Tuesday Blitz May 23 Early 2023"]
[White "FREDERICKtheMATE"]
[Black "MKlose11"]
[WhiteElo "2357"]
[BlackElo "2666"]
[Result "0-1"]
[Round "02"]
[TimeControl "180+2"]
[Date "2023.05.23"]
[WhiteClock "0:00:00"]
[BlackClock "0:00:06"]

1. Nf3 Nf6 2. g3 c5 3. Bg2 Nc6 4. O-O d6 5. c4 g6 6. d4 cxd4 7. Nxd4 Bd7 8. Nc3 Bg7 9. Nc2 O-O 10. e4 Qa5 11. Bd2 Qh5 12. Ne3 Qxd1 13. Raxd1 Rfe8 14. b3 Rac8 15. Ncd5 b6 16. Rfe1 Ng4 17. h3 Nxe3 18. Bxe3 Be6 19. f4 Kf8 20. Kh2 Bd7 21. Bd2 Nd4 22. Bc3 Nc2 23. Bxg7+ Kxg7 24. Re2 Na3 25. e5 dxe5 26. Nxb6 axb6 27. Rxd7 exf4 28. Rexe7 fxg3+ 29. Kxg3 Rxe7 30. Rxe7 b5 31. Bb7 Rc5 32. cxb5 Nxb5 33. Rd7 Rc3+ 34. Kf4 Nc7 35. h4 Ne6+ 36. Ke5 Re3+ 37. Kd6 h5 38. Bd5 Kf6 39. a4 g5 40. hxg5+ Kxg5 41. Rxf7 Nf4 42. Bc4 h4 43. a5 h3 44. a6 h2 45. Rh7 Nh5 46. Bd5 Rd3 47. a7 Rxd5+ 48. Ke6 h1=Q 49. a8=Q Nf4+ 0-1


[Site "https://www.chess.com"]

[Event "Titled Tuesday Blitz May 23 Early 2023"]
[White "Doluhanova, Evgeniya"]
[Black "Colas, Joshua"]
[WhiteFideId "14112035"]
[BlackFideId "2044447"]
[WhiteElo "2159"]
[BlackElo "2347"]
[Result "1-0"]
[Round "02"]
[TimeControl "180+2"]
[Date "2023.05.23"]
[WhiteClock "0:01:04"]
[BlackClock "0:00:01"]

1. Nf3 d5 2. g3 Nf6 3. Bg2 e6 4. O-O Be7 5. d3 O-O 6. Nbd2 Nc6 7. e4 dxe4 8. Nxe4 Nxe4 9. dxe4 e5 10. c3 Be6 11. Be3 Qxd1 12. Rfxd1 f6 13. Bf1 a6 14. Nd2 Rad8 15. Bc4 Kf7 16. Bxe6+ Kxe6 17. Nb3 b6 18. Kf1 h5 19. Ke2 a5 20. a4 Rd6 21. Nd2 Rfd8 22. Nc4 Rxd1 23. Rxd1 Rxd1 24. Kxd1 Nd8 25. b3 Nb7 26. f3 g5 27. h3 Bc5 28. Bd2 Bf2 29. g4 hxg4 30. hxg4 Nc5 31. Kc2 Bg3 32. Nb2 Nd7 33. b4 Bf2 34. Nc4 axb4 35. cxb4 c6 36. a5 b5 37. Be3 Be1 38. a6 bxc4 39. a7 Bxb4 40. a8=Q Be7 41. Qxc6+ 1-0


[Site "https://www.chess.com"]

[Event "Titled Tuesday Blitz May 23 Early 2023"]
[White "caropawn10"]
[Black "Fajdetic, Hrvoje"]
[BlackFideId "14501945"]
[WhiteElo "2656"]
[BlackElo "2185"]
[Result "1-0"]
[Round "02"]
[TimeControl "180+2"]
[Date "2023.05.23"]
[WhiteClock "0:01:59"]
[BlackClock "0:00:31"]

1. c4 f5 2. Nc3 Nf6 3. d4 e6 4. Nf3 Bb4 5. Bd2 Bxc3 6. Bxc3 Ne4 7. Rc1 O-O 8. g3 d6 9. Bg2 Qe8 10. O-O Nxc3 11. Rxc3 a5 12. Re1 Qg6 13. Qd2 Nc6 14. e4 e5 15. dxe5 dxe5 16. Nh4 Qf6 17. Nxf5 Bxf5 18. exf5 Nd4 19. Rce3 Rae8 20. f4 Qxf5 21. Rxe5 Rxe5 22. Rxe5 Qb1+ 23. Re1 1-0


[Site "https://www.chess.com"]

[Event "Titled Tuesday Blitz May 23 Early 2023"]
[White "Wimalasuriya, Kasun M."]
[Black "Ehlvest, Jaan"]
[WhiteFideId "9906789"]
[BlackFideId "4500016"]
[WhiteElo "2284"]
[BlackElo "2442"]
[Result "0-1"]
[Round "02"]
[TimeControl "180+2"]
[Date "2023.05.23"]
[WhiteClock "0:02:05"]
[BlackClock "0:02:35"]

1. d4 Nf6 2. Nf3 c5 3. d5 b5 4. e4 Nxe4 5. Bxb5 Qa5+ 6. Nc3 Nxc3 7. bxc3 Qxb5 8. Be3 d6 9. Rb1 Qa6 10. Nd2 g6 11. c4 Bg7 12. O-O O-O 13. h4 Nd7 14. h5 Ne5 15. hxg6 fxg6 16. Qe2 Bf5 17. Rb5 Qxa2 18. Rc1 Rab8 0-1


[Site "https://www.chess.com"]

[Event "Titled Tuesday Blitz May 23 Early 2023"]
[White "Schnaider, Ilan"]
[Black "Estremera Panos, Sergio"]
[WhiteFideId "169013"]
[BlackFideId "2200864"]
[WhiteElo "2224"]
[BlackElo "2253"]
[Result "1-0"]
[Round "02"]
[TimeControl "180+2"]
[Date "2023.05.23"]
[WhiteClock "0:00:05"]
[BlackClock "0:00:15"]

1. e4 e5 2. Nf3 Nf6 3. d4 Nxe4 4. Bd3 Nc6 5. dxe5 Nc5 6. Bc4 d6 7. O-O dxe5 8. Qxd8+ Nxd8 9. Nxe5 Be6 10. Nc3 Bd6 11. Bxe6 Bxe5 12. Bc4 Bxc3 13. bxc3 O-O 14. Ba3 b6 15. Rad1 Re8 16. Bxc5 bxc5 17. Rd7 Ne6 18. Bxe6 Rxe6 19. Rxc7 Re2 20. Rxc5 Rxc2 21. a4 h6 22. h4 Rb8 23. Rc7 Rb3 24. Re1 Rcxc3 25. Re8+ Kh7 26. Rxf7 Rc4 27. Ree7 Rg4 28. g3 a5 29. Ra7 Rbb4 30. Rxa5 Rxa4 31. Re5 Ra1+ 32. Kg2 Rg6 33. Ree7 Raa6 34. h5 Rg5 35. f4 Rxh5 36. Rxg7+ Kh8 37. Rh7+ Kg8 38. Reg7+ Kf8 39. Rb7 Ra2+ 40. Kf3 Kg8 41. Rhg7+ Kh8 42. Rh7+ Kg8 43. Rbg7+ Kf8 44. Rc7 Kg8 45. Rhd7 Ra8 46. Rd6 Rh1 47. Kg2 Rh5 48. Rg6+ Kh8 49. Kf3 Rh1 50. Kg4 Ra5 51. Rcg7 h5+ 52. Kf3 h4 53. Rg8+ Kh7 54. R6g7+ Kh6 55. Rg4 Ra3+ 56. Kg2 Ra2+ 57. Kxh1 Ra1+ 58. Kg2 Ra2+ 59. Kf3 Kh7 60. R8g7+ Kh8 61. R7g5 Kh7 62. Rxh4# 1-0


[Site "https://www.chess.com"]

[Event "Titled Tuesday Blitz May 23 Early 2023"]
[White "Maltsevskaya, Aleksandra"]
[Black "Antonio, Jorge Carlos"]
[WhiteFideId "24174041"]
[BlackFideId "113190"]
[WhiteElo "2302"]
[BlackElo "2247"]
[Result "1-0"]
[Round "02"]
[TimeControl "180+2"]
[Date "2023.05.23"]
[WhiteClock "0:01:53"]
[BlackClock "0:00:39"]

1. e4 c5 2. Nf3 e6 3. d4 cxd4 4. Nxd4 a6 5. Nc3 Qc7 6. g3 Nf6 7. Bg2 Bc5 8. O-O Nc6 9. Nb3 Ba7 10. Bf4 Ne5 11. h3 d6 12. Qd2 Nh5 13. Bxe5 dxe5 14. Qg5 g6 15. Rad1 O-O 16. Bf3 f6 17. Qd2 Nxg3 18. Rfe1 f5 19. Kh2 fxe4 20. fxg3 exf3 21. Ne4 Bd7 22. Qxd7 Qxc2+ 23. Rd2 Qc4 24. Rc1 Qxe4 25. Rc7 Bg1+ 26. Kxg1 f2+ 27. Kh2 f1=Q 28. Qg7# 1-0


[Site "https://www.chess.com"]

[Event "Titled Tuesday Blitz May 23 Early 2023"]
[White "Bashirli, Saadat"]
[Black "Ilkhomi, Jaloliddin"]
[WhiteFideId "13429990"]
[BlackFideId "14700948"]
[WhiteElo "1408"]
[BlackElo "2045"]
[Result "1-0"]
[Round "02"]
[TimeControl "180+2"]
[Date "2023.05.23"]
[WhiteClock "0:00:50"]
[BlackClock "0:00:42"]

1. d4 Nf6 2. e3 e6 3. f4 b6 4. Nf3 Bb7 5. Bd3 d6 6. Nbd2 Nbd7 7. O-O c5 8. c3 Qc7 9. a4 a6 10. Qe2 e5 11. fxe5 dxe5 12. dxe5 Nxe5 13. Nxe5 Qxe5 14. Nc4 Qc7 15. e4 O-O-O 16. Bf4 Qc6 17. Ne5 Qe8 18. Bxa6 Bd6 19. Bxb7+ Kxb7 20. Nc4 Bxf4 21. Rxf4 Qc6 22. e5 Rhe8 23. Qf2 Ne4 24. Rxf7+ Rd7 25. Rxd7+ Qxd7 26. Qf3 Qc6 27. Qxe4 Qxe4 28. Nd6+ Kc6 29. Nxe4 Rxe5 30. Ng3 h5 31. Kf2 h4 32. Nf1 g5 33. Ne3 Re4 34. g3 h3 35. b3 g4 36. Rd1 Re7 37. Nxg4 Rf7+ 38. Kg1 Rf3 39. Ne5+ 1-0


[Site "https://www.chess.com"]

[Event "Titled Tuesday Blitz May 23 Early 2023"]
[White "Jeet, Jain"]
[Black "Tsyhanchuk, Stanislav"]
[WhiteFideId "5073022"]
[BlackFideId "13505130"]
[WhiteElo "2067"]
[BlackElo "2173"]
[Result "0-1"]
[Round "02"]
[TimeControl "180+2"]
[Date "2023.05.23"]
[WhiteClock "0:01:07"]
[BlackClock "0:00:15"]

1. d4 Nf6 2. Nf3 e6 3. e3 d5 4. Be2 Be7 5. O-O O-O 6. b3 b6 7. Bb2 Bb7 8. c4 Ne4 9. Nbd2 dxc4 10. bxc4 Nd7 11. Nxe4 Bxe4 12. Nd2 Bb7 13. Bf3 Qc8 14. e4 c5 15. d5 e5 16. a4 Bd6 17. Bg4 Qd8 18. Qb3 Bc8 19. Rae1 Qc7 20. Qc3 Nb8 21. Bxc8 Rxc8 22. f4 f6 23. Nf3 Nd7 24. f5 a6 25. g4 b5 26. axb5 axb5 27. cxb5 c4 28. g5 fxg5 29. Nxg5 Bc5+ 30. Kh1 Bd4 31. Qc1 c3 32. Ba1 Nf6 33. Ne6 Qb7 34. Rf3 Nxe4 35. Rxe4 Qxd5 36. Qg5 Ra7 37. Qg4 Rxa1+ 38. Kg2 Rg1+ 39. Kh3 Rxg4 40. Kxg4 Qxe4+ 0-1


[Site "https://www.chess.com"]

[Event "Titled Tuesday Blitz May 23 Early 2023"]
[White "Jaivardhan Raj"]
[Black "Seemann, Jakub"]
[WhiteFideId "25744437"]
[BlackFideId "21874697"]
[WhiteElo "1772"]
[BlackElo "2364"]
[Result "1-0"]
[Round "02"]
[TimeControl "180+2"]
[Date "2023.05.23"]
[WhiteClock "0:00:08"]
[BlackClock "0:00:06"]

1. e4 e5 2. d4 exd4 3. Qxd4 Nc6 4. Qe3 Bb4+ 5. Nc3 Nf6 6. Bd2 O-O 7. O-O-O d6 8. f3 a5 9. g4 a4 10. h4 a3 11. b3 Be6 12. h5 Nd7 13. g5 Qb8 14. f4 Bg4 15. Be2 Bxe2 16. Ngxe2 Qa7 17. Qxa7 Nxa7 18. Be3 Nc6 19. Nd5 Rac8 20. Nd4 Rfe8 21. Nxc6 bxc6 22. Nxb4 Rxe4 23. Bd2 c5 24. Nc6 Kf8 25. Rhe1 Rxe1 26. Rxe1 Nb6 27. h6 gxh6 28. gxh6 Ra8 29. Bc3 Nd5 30. Bg7+ Kg8 31. Rd1 Ra6 32. Nb8 Ra8 33. Nc6 Ra6 34. Nb8 Ra8 35. Nd7 Rd8 36. Rxd5 Rxd7 37. Rg5 c6 38. Kd2 d5 39. c3 c4 40. b4 Rb7 41. Ke3 Re7+ 42. Kd4 Rb7 43. Kc5 Re7 44. Kd6 Re2 45. Kxc6 Rxa2 46. Kd6 Re2 47. Bf6+ Kf8 48. Bg7+ Ke8 49. Bd4 Kf8 50. Bc5 f6 51. Kc6+ Kf7 52. Rg7+ Ke6 53. Re7+ Kf5 54. Rxe2 a2 55. Rxa2 Kxf4 56. Ra7 Ke4 57. Rxh7 f5 58. Rf7 f4 1-0


[Site "https://www.chess.com"]

[Event "Titled Tuesday Blitz May 23 Early 2023"]
[White "Lopez Mulet, Inigo"]
[Black "Torres Dominguez, David"]
[WhiteFideId "22235620"]
[BlackFideId "2220857"]
[WhiteElo "2289"]
[BlackElo "1999"]
[Result "0-1"]
[Round "02"]
[TimeControl "180+2"]
[Date "2023.05.23"]
[WhiteClock "0:00:59"]
[BlackClock "0:00:08"]

1. d4 e5 2. dxe5 d6 3. Nf3 Bg4 4. Bf4 Nc6 5. exd6 Qf6 6. e3 Bxd6 7. Bxd6 O-O-O 8. Nc3 Rxd6 9. Bd3 Ne5 10. Ne4 Nxf3+ 11. gxf3 Bxf3 12. Nxf6 Bxd1 13. Nxg8 Bf3 14. Ne7+ Kd8 15. Rg1 Kxe7 16. Rxg7 Bh5 17. Rg5 Bg6 18. e4 Re6 19. f3 f5 20. Bc4 Re5 21. O-O-O Kf6 22. Rg2 fxe4 23. fxe4 Rxe4 24. Rd7 Rxc4 25. Rf2+ Kg5 26. b3 Rc5 27. Rg2+ Kh6 28. b4 Rc4 29. a3 Re8 30. Kb2 Re3 31. h4 Rec3 32. Rdd2 Rc6 33. Rh2 R3c4 34. Kb3 Bxc2+ 35. Kb2 Be4 36. Rde2 Rc2+ 37. Kb3 Rxe2 38. Rxe2 Bd5+ 39. Kb2 Re6 40. Rd2 c6 41. Rf2 Bc4 42. Rf4 Bd5 43. Rf5 Kg6 44. Rf8 Re2+ 45. Kc3 Re3+ 46. Kd4 Re4+ 47. Kc5 Rxh4 48. Rb8 Rf4 49. Rxb7 Rf7 50. Rb8 h5 51. Rh8 Rh7 52. Re8 h4 53. Re2 h3 54. Rh2 Bg2 55. a4 Kf6 56. Kd6 Kf5 57. b5 cxb5 58. axb5 Kf4 59. Kc5 Kg3 60. Rxh3+ Kxh3 61. Kb4 Rb7 62. Ka5 Re7 63. Ka6 Bf1 64. Ka5 Bxb5 65. Kxb5 Kg4 66. Ka6 Kf4 0-1


[Site "https://www.chess.com"]

[Event "Titled Tuesday Blitz May 23 Early 2023"]
[White "Blackwhite017"]
[Black "Weishaeutel, Moritz"]
[BlackFideId "12967300"]
[WhiteElo "2089"]
[BlackElo "2301"]
[Result "0-1"]
[Round "02"]
[TimeControl "180+2"]
[Date "2023.05.23"]
[WhiteClock "0:00:28"]
[BlackClock "0:02:41"]

1. e4 e5 2. Nf3 Nf6 3. Nxe5 Nc6 4. Nxc6 dxc6 5. d3 Bc5 6. Be2 h5 7. h3 Qd4 8. O-O Qe5 9. Nd2 Bxh3 10. gxh3 Qg3+ 11. Kh1 Qxh3+ 12. Kg1 Ng4 13. Nf3 Qg3+ 14. Kh1 Bxf2 15. Bg5 Qh3+ 0-1


[Site "https://www.chess.com"]

[Event "Titled Tuesday Blitz May 23 Early 2023"]
[White "Saim, Mohamed Ilias"]
[Black "koncheto"]
[WhiteFideId "7900465"]
[WhiteElo "2063"]
[BlackElo "2632"]
[Result "0-1"]
[Round "02"]
[TimeControl "180+2"]
[Date "2023.05.23"]
[WhiteClock "0:00:00"]
[BlackClock "0:00:32"]

1. c4 Nf6 2. Nc3 e6 3. g3 Be7 4. Bg2 O-O 5. Nf3 c6 6. O-O d5 7. d4 Nbd7 8. b3 b6 9. Bb2 Bb7 10. Re1 Rc8 11. Rc1 dxc4 12. bxc4 c5 13. d5 exd5 14. cxd5 Bd6 15. Nd2 a6 16. e4 c4 17. a4 Ne5 18. Bf1 Nd3 19. Bxd3 cxd3 20. Nb3 Ng4 21. Qxd3 Ne5 22. Qd1 Nc4 23. Ba1 Qg5 24. Nd4 Rfe8 25. Nf5 Bf8 26. h4 Qg6 27. Qd4 Ne5 28. Qe3 Bc5 29. Qf4 Nd3 30. Qf3 Bxf2+ 31. Qxf2 Nxf2 32. Kxf2 Rc4 0-1


[Site "https://www.chess.com"]

[Event "Titled Tuesday Blitz May 23 Early 2023"]
[White "Omariev, Maksim"]
[Black "Sviridov, Valery"]
[WhiteFideId "4193423"]
[BlackFideId "4120680"]
[WhiteElo "2504"]
[BlackElo "2457"]
[Result "1/2-1/2"]
[Round "02"]
[TimeControl "180+2"]
[Date "2023.05.23"]
[WhiteClock "0:00:03"]
[BlackClock "0:00:52"]

1. g4 d5 2. Bg2 Bxg4 3. c4 c6 4. Qb3 Nf6 5. Qxb7 Nbd7 6. d4 e6 7. Nc3 Be7 8. Nf3 O-O 9. h3 Bh5 10. Bf4 Qc8 11. Qxc8 Rfxc8 12. c5 h6 13. O-O Ne4 14. Rfc1 Nxc3 15. bxc3 f6 16. e3 Bg6 17. a4 a5 18. c4 Ra7 19. cxd5 exd5 20. h4 Rb7 21. Bh3 Ra8 22. Ra3 Nb8 23. Rcc3 Na6 24. Rab3 Nb4 25. Be6+ Kf8 26. Nd2 h5 27. Bh3 Raa7 28. f3 Na2 29. Rxb7 Rxb7 30. Ra3 Nb4 31. Rb3 Bc2 32. Rb2 Bxa4 33. e4 Bb5 34. Nb3 Nd3 35. Nxa5 Ra7 36. Nxc6 Ra1+ 37. Bf1 Nxb2 38. exd5 Rxf1+ 39. Kg2 Bxc6 40. dxc6 Ra1 41. d5 Nd3 42. Bb8 Nxc5 43. c7 Ra2+ 44. Kh3 Rh2+ 45. Kxh2 Bd6+ 46. Kg2 Bxc7 47. Bxc7 Kf7 48. Kg3 g5 49. hxg5 fxg5 50. f4 g4 51. Kh4 Kg6 52. d6 Kf6 53. Kxh5 g3 54. Bb6 Nd7 55. Bd4+ Kf5 56. Be3 Ke4 57. Kh4 g2 58. Kh3 Kxe3 59. Kxg2 Kxf4 60. Kf2 Ke5 61. Ke2 Kxd6 1/2-1/2


[Site "https://www.chess.com"]

[Event "Titled Tuesday Blitz May 23 Early 2023"]
[White "Cordova, Emilio"]
[Black "Martic, Ivan"]
[WhiteFideId "3801497"]
[BlackFideId "929301"]
[WhiteElo "2607"]
[BlackElo "2360"]
[Result "1-0"]
[Round "02"]
[TimeControl "180+2"]
[Date "2023.05.23"]
[WhiteClock "0:00:10"]
[BlackClock "0:00:09"]

1. d4 Nf6 2. Nf3 g6 3. c4 Bg7 4. Nc3 O-O 5. g3 d6 6. Bg2 Nbd7 7. O-O e5 8. Qc2 Re8 9. Rd1 c6 10. e4 exd4 11. Nxd4 Qe7 12. Bf4 Nh5 13. Be3 Ne5 14. b3 Ng4 15. Bc1 a5 16. h3 Ne5 17. Be3 Bd7 18. f4 Nxg3 19. fxe5 Bxe5 20. Qf2 Rf8 21. Bh6 f5 22. Bxf8 Rxf8 23. exf5 Bxf5 24. Qd2 Qh4 25. Nxf5 Rxf5 26. Rac1 Nh5 27. Ne4 Nf4 28. Qe3 d5 29. cxd5 Nxd5 30. Qd3 Qf4 31. Ng3 Qf2+ 32. Kh1 Bxg3 33. Rd2 Qf4 34. Rf1 Qxf1+ 35. Bxf1 Rxf1+ 36. Qxf1 1-0


[Site "https://www.chess.com"]

[Event "Titled Tuesday Blitz May 23 Early 2023"]
[White "Molina, Roberto Junio Brito"]
[Black "Principe, Alexander"]
[WhiteFideId "2109450"]
[BlackFideId "3804542"]
[WhiteElo "2376"]
[BlackElo "2203"]
[Result "1-0"]
[Round "02"]
[TimeControl "180+2"]
[Date "2023.05.23"]
[WhiteClock "0:02:18"]
[BlackClock "0:02:39"]

1. d4 Nf6 2. Nf3 g6 3. e3 Bg7 4. b3 O-O 5. Bb2 b6 6. Bd3 Bb7 7. O-O d6 8. c4 Nbd7 9. d5 c6 10. e4 cxd5 11. exd5 Nh5 12. Bxg7 Nxg7 13. Nc3 e5 14. dxe6 fxe6 15. Be4 Nc5 16. Bxb7 Nxb7 17. Nd4 Qd7 18. Qe2 Rae8 19. Rad1 a6 20. Rd2 Qc7 21. Rfd1 Rf7 22. Ne4 Rfe7 23. Nf6+ Kh8 24. Nxe8 1-0


[Site "https://www.chess.com"]

[Event "Titled Tuesday Blitz May 23 Early 2023"]
[White "Sattarov, Bobir"]
[Black "Shukhman, Anna"]
[WhiteFideId "14203081"]
[BlackFideId "54180058"]
[WhiteElo "2351"]
[BlackElo "2235"]
[Result "1/2-1/2"]
[Round "02"]
[TimeControl "180+2"]
[Date "2023.05.23"]
[WhiteClock "0:00:14"]
[BlackClock "0:00:15"]

1. c4 e5 2. Nc3 Nc6 3. g3 f5 4. Bg2 Nf6 5. d3 Bb4 6. e3 O-O 7. Ne2 Be7 8. O-O d6 9. Rb1 a5 10. a3 Qe8 11. b4 axb4 12. axb4 Qh5 13. b5 Nb8 14. f4 Nbd7 15. Nd5 Nxd5 16. Bxd5+ Kh8 17. Nc3 Qxd1 18. Rxd1 Nc5 19. d4 exd4 20. exd4 Na4 21. Ne2 Nb6 22. Nc3 Na4 23. Bd2 Bf6 24. Be1 Re8 25. Ra1 Nb2 26. Rxa8 Nxd1 27. Nxd1 Rxe1+ 28. Kf2 Re8 29. Bxb7 Bxd4+ 30. Kf1 Bd7 31. Rxe8+ Bxe8 32. Ke2 Kg8 33. Ne3 Bxe3 34. Kxe3 Kf7 35. Kd4 Ke7 36. Bc8 Kf6 37. Kc3 Bh5 38. Kb4 Be2 39. Bb7 Ke7 40. Bd5 h6 41. Ka5 Kd8 42. Ka6 Bd3 43. h4 Be2 44. Ka5 Bd3 45. Kb4 Ke7 46. Kc3 Be2 47. Kd4 Kf6 48. Bc6 Bf1 49. Bd7 Be2 50. Kd5 Bf3+ 51. Kd4 Be2 52. Kc3 Bf1 53. Kb4 Bd3 54. c5 dxc5+ 55. Kxc5 Ke7 56. Bc8 g6 57. Kc6 Bc4 58. Ba6 Kd8 59. Kc5 Be2 60. Bb7 Ke7 61. Bd5 Bd3 62. Kc6 Be2 63. Bb3 Bd3 64. Ba4 Kd8 65. Kd5 Ke7 66. Ke5 Bf1 67. Kd5 Bd3 68. Kc6 Kd8 69. Bb3 Ke7 70. Bd5 Be2 71. Kc5 Bd3 72. Bg8 Be2 73. Bd5 1/2-1/2


[Site "https://www.chess.com"]